 Dungeon Crawl Stone Soup version 0.32-a0-981-g384da2ce10 (webtiles) character file.

Game seed: 10717048315252025199

396 DrKenneth the Trooper (level 6, 0/56 HPs)
             Began as a Minotaur Fighter on Apr 20, 2024.
             Slain by Pikel
             ... wielding a +1 whip of flaming
              (10 damage)
             ... on level 4 of the Dungeon.
             The game lasted 00:05:24 (2838 turns).

DrKenneth the Trooper (Minotaur Fighter)            Turns: 2838, Time: 00:05:24

Health: 0/56       AC:  7    Str: 23    XL:     6   Next: 52%
Magic:  5/5        EV:  8    Int:  5    God:
Gold:   210        SH:  5    Dex: 15    Spells: 5/5 levels left

rFire   . . .        l - +4 spear (vamp)
rCold   . . .        c - +0 buckler
rNeg    . . .        b - +0 scale mail
rPois   .            (helmet restricted)
rElec   .            (no cloak)
rCorr   .            (no gloves)
SInv    .            (no boots)
Will    .....        (no amulet) Stlth
                     q - +6 ring of dexterity
HPRegen 0.29/turn    (no ring)
MPRegen 0.09/turn

%: no passive effects
@: no status effects
A: horns 2, retaliatory headbutt
a: no special abilities


You were on level 4 of the Dungeon.
You visited 1 branch of the dungeon, and saw 4 of its levels.

You collected 210 gold pieces.

Inventory:

Hand Weapons
 a - a +0 war axe
 l - a +4 vampiric spear (weapon)
 u - a +1 whip of electrocution
Armour
 b - a +0 scale mail (worn)
 c - a +0 buckler (worn)
Jewellery
 q - a +6 ring of dexterity (left hand)
Wands
 v - a wand of paralysis (8)
Scrolls
 e - a scroll of enchant armour {unknown}
 f - a scroll of fear
 i - 2 scrolls of identify {unknown}
 j - 2 scrolls of teleportation {unknown}
 k - a scroll of revelation {unknown}
 r - 2 scrolls of enchant weapon {unknown}
Potions
 d - a potion of might
 g - a potion of invisibility {unknown}
 h - 6 potions of curing {unknown}
 m - a potion of mutation {unknown}
 n - a potion of heal wounds {unknown}
 o - a potion of resistance {unknown}
 p - a potion of attraction {unknown}
 s - a potion of haste {unknown}
 t - a potion of brilliance {unknown}


   Skills:
 + Level 5.2 Fighting
 + Level 4.4(4.8) Axes
 + Level 2.8(4.0) Polearms
 + Level 5.1 Armour
 + Level 5.1 Shields


You had 5 spell levels left.
You didn't know any spells.
Your spell library contained the following spells:

 Spells                   Type           Power      Damage    Failure   Level
 Apportation              Tloc           0%         N/A       83%         1
 Necrotise                Necr           0%         1d4       83%         1
 Sting                    Conj/Alch      0%         1d3       83%         1
 Summon Small Mammal      Summ           0%         N/A       83%         1
 Cigotuvi's Dreadful Rot  Necr/Alch/Air  0%         N/A       93%         2
 Volatile Blastmotes      Fire/Tloc      0%         2d10      99%         3
 Dispel Undead            Necr           0%         3d6       100%        4
 Martyr's Knell           Necr/Summ      0%         N/A       100%        4
 Vhi's Electric Charge    Tloc/Air       0%         N/A       100%        4
 Gell's Gavotte           Tloc           0%         2d(11-16) 100%        6


Dungeon Overview and Level Annotations

Branches:
Dungeon (4/15)
 Temple: D:4-7

Altars:

Annotations:
D:4 Pikel


Innate Abilities, Weirdness & Mutations

You have a pair of horns on your head.
You reflexively headbutt those who attack you in melee.


Message History

Pikel is lightly wounded.
You block Pikel's attack.
You hit Pikel.
Pikel is lightly wounded.
Pikel hits you with a +1 whip of flaming.
Pikel burns you.
You hit Pikel.
You feel better.
Pikel is moderately wounded.
Pikel hits you with a +1 whip of flaming!
Pikel burns you.
You miss Pikel.
Pikel is moderately wounded.
Pikel hits you with a +1 whip of flaming.
Pikel burns you.
You hit Pikel but do no damage.
Pikel is moderately wounded.
Pikel hits you with a +1 whip of flaming.
Pikel burns you.
You hit Pikel.
Pikel is heavily wounded.
Pikel barely misses you.
You hit Pikel. You headbutt Pikel.
Pikel is heavily wounded.
You closely miss Pikel.
Pikel is heavily wounded.
Pikel hits you with a +1 whip of flaming.
* * * LOW HITPOINT WARNING * * *
Pikel burns you.
* * * LOW HITPOINT WARNING * * *
You barely miss Pikel.
Pikel is heavily wounded.
Pikel hits you but does no damage.
You hit Pikel. You headbutt Pikel, but do no damage.
Pikel is severely wounded.
Pikel closely misses you.
You hit Pikel but do no damage.
Pikel is severely wounded.
Pikel hits you with a +1 whip of flaming!
You die...
Pikel says, "See you in Hell!"

#.#.......#. .....
#...##†##... ...
.#.#.#...#.#. ...
...#...#...#.
55..#.#.#.#...#.#.
#5##..#...##.##... .##
#5###.#.#.....†.#. ...# #K#
...##.###.##. #..## ##@#
#.#........... #.
#...##".##..##.###.###.# #.>
#..#.####............. #..##
##...#..##.###.###.###
#....###.........##.........#
#....#...........##......#.#
#.#.....................#.#
#...........<...........# #
####.#..................#


You could see Pikel and 4 lemures.

Vanquished Creatures
  Grinder (D:3)
  A bombardier beetle (D:3)
  A jelly (D:4)
  9 adders
  3 dart slugs
  A ribbon worm (D:4)
  An orc (D:3)
  4 bats
  5 endoplasms
  5 giant cockroaches
  3 goblins
  3 hobgoblins
  A quokka (D:4)
  5 ball pythons
  3 frilled lizards
  11 kobolds
  7 rats
64 creatures vanquished.

Notes
Turn   | Place    | Note
-------+----------+-------------------------------------------
     0 | D:1      | DrKenneth the Minotaur Fighter began the quest for the Orb.
     0 | D:1      | Reached XP level 1. HP: 19/19 MP: 0/0
   207 | D:1      | Reached XP level 2. HP: 27/27 MP: 1/1
   769 | D:2      | Reached XP level 3. HP: 16/33 MP: 2/2
  1266 | D:2      | Found a faded altar of an unknown god.
  1646 | D:3      | Reached XP level 4. HP: 40/40 MP: 3/3
  1803 | D:3      | Reached skill level 1 in Polearms
  2213 | D:3      | Reached XP level 5. HP: 42/47 MP: 4/4
  2450 | D:4      | Noticed Grinder
  2452 | D:4      | Paralysed by Grinder for 5 turns
  2471 | D:3      | Killed Grinder
  2472 | D:3      | Reached skill level 5 in Fighting
  2472 | D:3      | Reached skill level 5 in Armour
  2472 | D:3      | Reached skill level 5 in Shields
  2472 | D:3      | Reached XP level 6. HP: 33/56 MP: 5/5
  2823 | D:4      | Noticed Pikel
  2838 | D:4      | Slain by Pikel

Illustrated notes

Levels and vault maps discovered:
D:1:      minmay_arrival_semitransparent, layout_loops_cross,
          grunt_decor_mini_mirrors, chequers_serial_rivers_micro_e,
          glass_columns_c, serial_park_tiny_1, patterned_corridor
D:2:      layout_basic, shapermc_ecumenical_altar_mp_vishouse,
          serial_park_tiny_pond
D:3:      layout_basic, minmay_misc_feat_ornament, minmay_starry_boxes
D:4:      layout_rooms, nicolae_concentric_dashed_squares_wild,
          chequers_decorated_corner, uniq_menkaure, uniq_pikel, uniq_grinder

Skill      XL: |  1  2  3  4  5 |
---------------+----------------+-----
Fighting       | 4 5 |  5.2
Axes           | 3 4 |  4.4
Armour         | 4 5 |  5.1
Shields        | 4 5 |  5.1
Polearms       | 1 2 |  2.8

Action                     |  1- 3 |  4- 6 || total
---------------------------+-------+-------++-------
  Melee: War axe           |    35 |       ||    35
         Headbutt          |     6 |    14 ||    20
         Spear             |    22 |   105 ||   127
    Use: Scroll            |     1 |       ||     1
 Armour: Scale mail        |    40 |    68 ||   108
  Dodge: Dodged            |    18 |    30 ||    48
  Block: Buckler           |    12 |    15 ||    27

Table legend: (Time is in decaauts)
 A = Elapsed time spent in this place.
 B = Non-inter-level travel time spent in this place.
 C = Inter-level travel time spent in this place.
 D = Time resting spent in this place.
 E = Time spent auto-exploring this place.
 F = Levels seen in this place.
 G = Mean time per level.
                   A        B        C        D        E       F      G
               +--------+--------+--------+--------+--------+-----+--------+
         Total |   2850 |   2610 |    240 |    227 |   1975 |   4 |  712.5 |
       Dungeon |   2850 |   2610 |    240 |    227 |   1975 |   4 |  712.5 |
               +--------+--------+--------+--------+--------+-----+--------+

Top non-repeatable levels by time:
     D:3: 1038 daAuts
     D:2: 796 daAuts
     D:1: 717 daAuts
     D:4: 298 daAuts
